 Dungeon Crawl Stone Soup version 0.25-a0-766-g0ecfff5982 (webtiles) character file.

Game seed: 8316752375182112970, levelgen mode: deterministic

3608 Lovchig the Cleaver (level 9, -2/81 HPs)
             Began as a Deep Dwarf Fighter on Apr 13, 2020.
             Was an Initiate of Makhleb.
             Slain by a two-headed ogre
             ... wielding a +0 giant club
              (18 damage)
             ... on level 8 of the Dungeon.
             The game lasted 00:16:56 (4957 turns).

Lovchig the Cleaver (Deep Dwarf Fighter)            Turns: 4957, Time: 00:16:58

Health: -2/81      AC:  9    Str: 23    XL:     9   Next: 86%
Magic:  5/5        EV:  9    Int:  9    God:    Makhleb [......]
Gold:   0          SH: 18    Dex: 12    Spells: 8/8 levels left

rFire    . . .     SeeInvis .   a - +1 war axe
rCold    . . .     Gourm    .   h - +1 tower shield
rNeg     . . .     Faith    .   b - +0 scale mail
rPois    .         Spirit   .   i - +0 helmet
rElec    .         Reflect  .   u - scarf {cloud immunity}
rCorr    +         Harm     .   (no gloves)
MR       +....                  (no boots)
Stlth    ..........             (no amulet)
HPRegen  0.00/turn              g - ring of flight
MPRegen  0.09/turn              v - ring of resist corrosion

@: non-regenerating
A: damage resistance, heal wounds, sense surroundings 2, no regeneration
a: Heal Wounds, Renounce Religion, Evoke Flight


You were on level 8 of the Dungeon.
You worshipped Makhleb.
Makhleb was noncommittal.
You were hungry.

You visited 2 branches of the dungeon, and saw 9 of its levels.

Inventory:

Hand Weapons
 a - a +1 war axe (weapon)
 A - a +0 vorpal hand axe
Armour
 b - a +0 scale mail (worn)
 h - a +1 tower shield (worn)
 i - a +0 helmet (worn)
 u - a scarf of cloud immunity (worn)
Jewellery
 g - a ring of flight (left hand)
 v - a ring of resist corrosion (right hand)
Wands
 k - a wand of digging (3)
 n - a wand of flame (16)
 r - a wand of paralysis (7)
 x - a wand of acid (8)
 z - a wand of polymorph (8)
Scrolls
 c - 4 scrolls of remove curse
 o - 7 scrolls of teleportation
 y - a scroll of magic mapping
Potions
 e - a potion of ambrosia
 j - 3 potions of curing
 l - 4 potions of stabbing
 m - a potion of lignification
 p - a potion of resistance
 q - a potion of haste {unknown}
 t - a potion of magic {unknown}
Comestibles
 f - 15 rations
 w - 3 chunks of flesh


   Skills:
 * Level 5.2 Fighting
 * Level 9.7 Axes
 * Level 6.7 Armour
 * Level 4.8 Dodging
 * Level 8.6 Shields


You had 8 spell levels left.
You didn't know any spells.
Your spell library was empty.

Dungeon Overview and Level Annotations

Branches:
Dungeon (8/15)             Temple (1/1) D:7
   Lair: D:8-11

Altars:
Ashenzari
Dithmenos
Gozag
Hepliaklqana
Kikubaaqudgha
Makhleb
Okawaru
Sif Muna
Trog
Uskayaw
Wu Jian
Xom
Zin

Shops:
D:6 *

Annotations:
D:8 Maurice


Innate Abilities, Weirdness & Mutations

You are resistant to damage.
You can heal yourself by infusing magical energy.
You passively map the area around you.
You do not regenerate.


Message History

Found a scroll of identify.
You closely miss the adder.
The adder bites you but does no damage. x2
You closely miss the adder. You block the adder's attack.
You are feeling hungry.
You closely miss the adder. You block the adder's attack.
You slash the two-headed ogre!
The two-headed ogre is lightly wounded.
The two-headed ogre completely misses you.
You block the two-headed ogre's attack.
You closely miss the two-headed ogre.
The two-headed ogre is lightly wounded.
You completely miss the adder. The adder barely misses you.
You block the two-headed ogre's attack. x2
Your shield prevents you from hitting the two-headed ogre.
The two-headed ogre is lightly wounded.
You closely miss the adder. You block the adder's attack. x2
The two-headed ogre hits you with a +0 giant club!!
* * * LOW HITPOINT WARNING * * *
The two-headed ogre hits you with a +0 giant club!!
You die...

* *, * ,* , , , ...,* *
, * , ?.. , , * * **
*#.# , * * * * #.# ##* ,
, , , ,..., .., * *** **
* #.##.# , * , #OS..# ,,
##, ** #######@##.## ,
.# , .........#..### ,*
.###############........
* .#....#.#
#.##......... ,
.#.....)####............
.#.##.#..........####.##
......#.........## ..# *
.######.####.#### .# *
........# #.#


You could see a two-headed ogre and an adder.

Vanquished Creatures
  A two-headed ogre (D:8)
  Grinder (D:5)
  A hippogriff (D:6)
  A hungry ghost (D:7)
  A water moccasin (D:7)
  An orc warrior (D:4)
  2 sky beasts (D:6)
  2 ice beasts (D:6)
  An ogre (D:6)
  2 centaurs
  2 crocodiles
  2 bullfrogs (D:6)
  A wyvern zombie (D:8)
  A wyvern skeleton (D:7)
  2 howler monkeys
  A centaur zombie (D:6)
  3 crimson imps
  2 hounds (D:5)
  A gnoll shaman (D:5)
  6 orc priests
  4 iguanas
  7 orc wizards
  5 worker ants
  A hound skeleton (D:8)
  A worker ant zombie (D:6)
  11 gnolls
  6 adders
  2 oozes
  An adder zombie (D:6)
  4 worms
  4 dart slugs
  11 leopard geckos
  33 orcs
  A ball python (D:2)
  5 bats
  7 giant cockroaches
  5 goblins
  2 hobgoblins (D:3)
  14 jackals
  7 kobolds
  5 quokkas
  5 frilled lizards
  A giant cockroach zombie (D:5)
  A jackal zombie (D:7)
  2 quokka skeletons
  A quokka zombie (D:6)
  7 rats
187 creatures vanquished.

Vanquished Creatures (others)
  An orc wizard (D:4)
1 creature vanquished.

Grand Total: 188 creatures vanquished

Notes
Turn   | Place    | Note
-------+----------+-------------------------------------------
     0 | D:1      | Lovchig the Deep Dwarf Fighter began the quest for the Orb.
     0 | D:1      | Reached XP level 1. HP: 20/20 MP: 1/1
   109 | D:1      | Reached XP level 2. HP: 16/27 MP: 2/2
   528 | D:2      | Reached XP level 3. HP: 28/34 MP: 3/3
   536 | D:2      | Reached skill level 3 in Axes
   637 | D:2      | Found a shadowy altar of Dithmenos.
   648 | D:2      | Reached XP level 4. HP: 34/42 MP: 4/4
   692 | D:2      | Reached skill level 1 in Dodging
  1111 | D:3      | Found a glowing silver altar of Zin.
  1118 | D:3      | Found a shimmering altar of Xom.
  1477 | D:3      | Found a shimmering blue altar of Sif Muna.
  1480 | D:3      | Found an opulent altar of Gozag.
  1601 | D:3      | Found an ancient bone altar of Kikubaaqudgha.
  1838 | D:4      | Reached XP level 5. HP: 33/49 MP: 5/5
  1839 | D:4      | Noticed an orc warrior
  1843 | D:4      | Reached skill level 4 in Axes
  1899 | D:4      | Killed an orc warrior
  1899 | D:4      | Reached XP level 6. HP: 32/56 MP: 6/6
  1944 | D:4      | Reached skill level 5 in Axes
  1944 | D:4      | Reached skill level 5 in Shields
  2115 | D:4      | Reached XP level 7. HP: 27/63 MP: 7/7
  2428 | D:5      | Entered Level 5 of the Dungeon
  2642 | D:5      | Found a hazy altar of Hepliaklqana.
  2671 | D:5      | Noticed Grinder
  2688 | D:5      | Paralysed by Grinder for 5 turns
  2696 | D:5      | Killed Grinder
  2696 | D:5      | Reached skill level 6 in Axes
  2820 | D:5      | Reached skill level 5 in Armour
  3392 | D:6      | Reached XP level 8. HP: 28/72 MP: 7/7
  3447 | D:6      | Reached skill level 7 in Axes
  3549 | D:6      | Reached skill level 8 in Axes
  3573 | D:6      | Noticed a hippogriff
  3586 | D:6      | Killed a hippogriff
  3586 | D:6      | Gained mutation: You passively map the area around you.
                  | [Deep Dwarf growth]
  3586 | D:6      | Reached XP level 9. HP: 24/79 MP: 8/8
  3615 | D:6      | Found Rukhecr Heud's General Store.
  3794 | D:6      | Found a shimmering blue altar of Sif Muna.
  4013 | D:7      | Found a bloodstained altar of Trog.
  4112 | D:7      | Reached skill level 9 in Axes
  4217 | D:7      | Found a shadowy altar of Dithmenos.
  4326 | D:7      | Reached skill level 5 in Fighting
  4357 | D:7      | Found a staircase to the Ecumenical Temple.
  4371 | Temple   | Entered the Ecumenical Temple
  4444 | Temple   | Became a worshipper of Makhleb the Destroyer
  4768 | D:7      | Found a shattered altar of Ashenzari.
  4865 | D:8      | Noticed a two-headed ogre
  4896 | D:8      | Killed a two-headed ogre
  4907 | D:8      | Noticed Maurice
  4950 | D:8      | Noticed a two-headed ogre
  4957 | D:8      | Slain by a two-headed ogre

Levels and vault maps discovered:
D:1:      dpeg_arrival_fog, layout_basic, serial_glass, glass_columns_b,
          glass_columns_a, glass_columns_a, glass_columns_a, glass_columns_c,
          glass_columns_a, glass_columns_a, glass_columns_a, glass_columns_a,
          glass_columns_a, chequers_serial_rivers_marsh, minmay_crystal_room
D:2:      layout_rooms, grunt_dithmenos_smoke
D:3:      layout_basic, lemuel_round_altar, grunt_temple_overflow_open,
          nicolae_gozag_seed_capital, serial_bayou_lake_a
D:4:      layout_cave_pools, first_ration
D:5:      layout_loops_ring, lemuel_doored_altar, water_maze_lemuel,
          uniq_grinder
D:6:      layout_basic, serial_shops, shop, led_sif_pool
D:7:      layout_loops_ring, overflow_temple_1_default, kennysheep_mini_moat,
          lemuel_round_altar, minmay_temple_entry_arrows,
          kennysheep_generic_room_5
D:8:      layout_basic, uniq_maggie, uniq_maurice
Temple:   minmay_temple_forest_path

Skill      XL: |  1  2  3  4  5  6  7  8  9 |
---------------+----------------------------+-----
Fighting       | 3 4 5 |  5.2
Axes           | 3 4 5 6 8 9 |  9.7
Shields        | 4 5 6 7 8 |  8.6
Dodging        | 1 2 3 4 |  4.8
Armour         | 4 5 6 |  6.7

Action                   |  1- 3 |  4- 6 |  7- 9 || total
-------------------------+-------+-------+-------++-------
Melee: War axe           |   118 |   203 |   444 ||   765
 Abil: Heal Wounds       |     1 |     8 |    19 ||    28
       Evoke Flight      |       |       |     1 ||     1
  Use: Scroll            |     5 |     5 |     5 ||    15
       Potion            |       |       |     1 ||     1
  Eat: Chunk             |       |     5 |    11 ||    16
       Ration            |       |       |     1 ||     1
Armor: Scale mail        |    50 |   104 |   180 ||   334
Dodge: Dodged            |    24 |    44 |   105 ||   173
Block: Kite shield       |     6 |       |       ||     6
       Tower shield      |   104 |   216 |   487 ||   807

Table legend:
 A = Non-vault XP
 B = Vault XP
 C = Vault XP percentage of total XP
 D = Non-vault monster count
 E = Vault monster count
 F = Vault count percentage of total count
                 A         B        C        D         E       F
            +---------+---------+-------+---------+---------+-------
      Total |    4860 |     295 |   5.7 |     184 |       4 |   2.1
            +---------+---------+-------+---------+---------+-------
        D:1 |      36 |       0 |   0.0 |      21 |       0 |   0.0
        D:2 |     110 |       0 |   0.0 |      28 |       0 |   0.0
        D:3 |      30 |       0 |   0.0 |      13 |       0 |   0.0
        D:4 |     581 |       0 |   0.0 |      37 |       0 |   0.0
        D:5 |     377 |     290 |  43.5 |      22 |       1 |   4.3
        D:6 |    1618 |       0 |   0.0 |      32 |       0 |   0.0
        D:7 |    1120 |       5 |   0.4 |      28 |       3 |   9.7
        D:8 |     988 |       0 |   0.0 |       3 |       0 |   0.0
            +---------+---------+-------+---------+---------+-------
